 Dungeon Crawl Stone Soup version 0.27-a0-1529-g1e82c303ef (webtiles) character file.

Game seed: 8460645719729036887

5637 Lanoc the Arsonist (level 10, -3/50 HPs)
             Began as a Deep Elf Fire Elementalist on July 11, 2021.
             Was an Elder of Zin.
             Slain by a troll (6 damage)
             ... on level 9 of the Dungeon.
             The game lasted 00:21:01 (12738 turns).

Lanoc the Arsonist (Deep Elf Fire Elementalist)    Turns: 12738, Time: 00:21:01

Health: -3/50      AC:  9    Str:  5    XL:     10   Next: 46%
Magic:  10/16      EV: 15    Int: 26    God:    Zin [****..]
Gold:   561        SH:  7    Dex: 15    Spells: 5/15 levels left

rFire    + + .     SeeInvis .   a - staff of fire
rCold    x . .     Faith    .   m - +2 buckler "Ithimpo" {Will+++}
rNeg     . . .     Spirit   .   u - +0 acid dragon scales
rPois    .         Reflect  .   (no helmet)
rElec    .         Harm     .   s - +1 cloak {Stlth+}
rCorr    +         Rampage  .   A - +0 pair of gloves
Will     ++++.                  (no boots)
Stlth    +++.......             (no amulet)
HPRegen  0.16/turn              p - ring of wizardry
MPRegen  0.15/turn              n - ring of fire

@: about to teleport, slowed, very slow
A: clever 1
a: Renounce Religion, Recite, Vitalisation, Imprison, Donate Gold


You were on level 9 of the Dungeon.
You worshipped Zin.
Zin was greatly pleased with you.
You visited 2 branches of the dungeon, and saw 10 of its levels.

You collected 623 gold pieces.
You donated 62 gold pieces to Zin.

Inventory:

Hand Weapons
 b - the +7 Spriggan's Knife {stab, EV+4 Stlth+}
   (Xom gifted it to you on level 8 of the Dungeon)

   EV:        It affects your evasion (+4).
   Stlth:     It makes you more stealthy.
Armour
 m - the +2 buckler "Ithimpo" (worn) {Will+++}
   (You acquired it on level 6 of the Dungeon)

   Will:      It greatly increases your willpower.
 s - a +1 cloak of stealth (worn)
 u - +0 acid dragon scales (worn)
 A - a +0 pair of gloves (worn)
Magical Staves
 a - a staff of fire (weapon)
Jewellery
 n - a ring of fire (right hand)
 p - a ring of wizardry (left hand)
 w - a +6 ring of dexterity
 z - a +6 ring of dexterity
Wands
 x - a wand of mindburst (18)
Scrolls
 c - a scroll of brand weapon {unknown}
 e - a scroll of enchant armour {unknown}
 f - a scroll of holy word
 g - 2 scrolls of fear {unknown}
 h - 2 scrolls of teleportation
 i - 3 scrolls of magic mapping {unknown}
 j - a scroll of fog
 t - 3 scrolls of amnesia {unknown}
 y - a scroll of identify
Potions
 d - a potion of heal wounds
 k - 2 potions of magic
 l - a potion of attraction
 o - a potion of haste
 q - 2 potions of might
 r - 2 potions of lignification
 v - 3 potions of curing
 B - a potion of mutation
 C - a potion of ambrosia {unknown}


   Skills:
 + Level 10.5 Dodging
 - Level 2.4 Stealth
 + Level 3.7 Shields
 - Level 3.0 Spellcasting
 - Level 1.1 Conjurations
 * Level 13.3 Fire Magic


You had 5 spell levels left.
You knew the following spells:

 Your Spells              Type           Power      Damage    Failure   Level
a - Sticky Flame          Conj/Fire      75%        2d9       4%          4
b - Fireball              Conj/Fire      37%        3d15      12%         5
h - Foxfire               Conj/Fire      100%       2x1d9     1%          1

Your spell library contained the following spells:

 Spells                   Type           Power      Damage    Failure   Level
 Conjure Flame            Conj/Fire      75%        6-21      1%          3
 Inner Flame              Hex/Fire       72%        N/A       1%          3
 Magic Dart               Conj           36%        1d4       6%          1
 Shock                    Conj/Air       24%        1d4       7%          1
 Apportation              Tloc           6%         N/A       9%          1
 Searing Ray              Conj           18%        3d3       9%          2
 Ozocubu's Armour         Ice            3%         N/A       26%         3
 Swiftness                Air            3%         N/A       26%         3
 Fulminant Prism          Conj/Hex       3%         3d6       52%         4
 Airstrike                Air            1%         N/A       61%         4
 Alistair's Intoxication  Tmut/Pois      2%         N/A       90%         5
 Metabolic Englaciation   Hex/Ice        1%         N/A       90%         5
 Invisibility             Hex            1%         N/A       100%        6
 Simulacrum               Ice/Necr       1%         N/A       100%        6
 Malign Gateway           Summ/Tloc      1%         N/A       100%        7
 Summon Horrible Things   Summ           1%         N/A       100%        8


Dungeon Overview and Level Annotations

Branches:
Dungeon (9/15)             Temple (1/1) D:7
   Lair: D:8-11         Orc: D:9-12

Altars:
Ashenzari
Cheibriados
Dithmenos
Elyvilon
Fedhas
Gozag
Hepliaklqana
Kikubaaqudgha
Makhleb
Okawaru
Qazlal
Ru
Sif Muna
Trog
Uskayaw
Vehumet
Wu Jian
Xom
Yredelemnul
Zin
The Shining One

Annotations:
D:2 Sigmund
D:9 3 runed translucent doors, Venturno's ghost, novice DECj


Innate Abilities, Weirdness & Mutations

Your mind is acute. (Int +2)


Message History

The hornet misses you. x2; The troll barely misses you.
The troll claws you. The troll claws you but does no damage.
The troll bites you. The troll claws you! The troll barely misses you.
The hornet burns!
The hornet stings you.
You are poisoned.
You feel as though you will be slow longer.
You block the hornet's attack. The troll bites you!
* * * LOW HITPOINT WARNING * * *
The troll misses you. The troll claws you!
* * * LOW HITPOINT WARNING * * *
You feel much better.
You feel very sick.
The hornet burns! x2
You kill the hornet!
A killer bee comes into view.
You block the troll's attack. The troll misses you. The troll claws you.
The troll bites you but does no damage. You block the troll's attack.
The troll misses you. The troll bites you but does no damage.
The troll claws you.
* * * LOW HITPOINT WARNING * * *
You block the troll's attack. The orc warrior barely misses you.
You feel better. You block the troll's attack. The troll barely misses you. x3
The troll closely misses you. The troll completely misses you.
A bullfrog comes into view.
The orc warrior hits you with a +0 short sword!
The troll barely misses you. The troll claws you.
* * * LOW HITPOINT WARNING * * *
You block the troll's attack.
The killer bee buzzes angrily.
As you read the scroll of teleportation, it crumbles to dust.
You feel strangely unstable.
You hear a roar!
You hear a bellow!
The killer bee misses you. The troll barely misses you.
You block the troll's attack. The troll claws you but does no damage.
The orc warrior hits you with a +0 short sword.
* * * LOW HITPOINT WARNING * * *
The troll bites you.
* * * LOW HITPOINT WARNING * * *
The troll claws you.
You die...

.......................##
##.....
......................##
##....
..................... .#
##...
....................# ...
##.. ....................
..# #..
................... #.##
##.
..................##...#
## .................y'F.#
# ................@o'.##
# ................TT†..#
#
.#####............##...#
##
...........##......##.##
##. .......... #.......#
#.. .......... #.......##
#.. ..........
#........## #.. ......##
#.........## #.. .....##
#..........# #..


You could see 2 trolls, an orc warrior, a bullfrog (wandering) and a killer bee.

Vanquished Creatures
  A two-headed ogre (D:8)
  2 hornets (D:9)
  5 yaks
  A wyvern (D:9)
  Menkaure (D:6)
  A steam dragon (D:8)
  Edmund (D:7)
  An acid dragon (D:5)
  A water moccasin (D:6)
  Duvessa (D:6)
  A hornet zombie (D:7)
  2 orc warriors
  3 sky beasts
  A black bear (D:7)
  An ice beast (D:7)
  A necrophage (D:7)
  4 ogres
  A centaur (D:9)
  A phantom (D:5)
  A kobold brigand (D:7)
  3 bullfrogs
  A gnoll sergeant (D:9)
  Dowan (D:6)
  2 scorpions (D:5)
  A wyvern skeleton (D:7)
  3 wights (D:9)
  2 vampire bats (D:4)
  A howler monkey (D:5)
  2 centaur zombies
  2 bullfrog zombies (D:6)
  A crimson imp (D:7)
  3 jellies
  2 orc priests (D:5)
  Crazy Yiuf (D:6)
  A gnoll shaman (D:8)
  6 hounds
  3 orc wizards
  2 iguanas (D:5)
  A killer bee zombie (D:6)
  2 adders
  12 gnolls
  A shadow imp (D:6)
  An ufetubus (D:6)
  3 adder skeletons (D:4)
  2 adder zombies (D:5)
  A worm (D:3)
  4 dart slugs
  29 orcs
  6 bats
  10 endoplasms
  4 giant cockroaches
  8 goblins
  7 hobgoblins
  7 jackals
  6 ball pythons
  5 frilled lizards
  5 kobolds
  6 rats
188 creatures vanquished.

Vanquished Creatures (collateral kills)
  An orc priest (D:3)
  An orc (D:3)
  A bat (D:3)
3 creatures vanquished.

Vanquished Creatures (others)
  1056 foxfires
1056 creatures vanquished.

Grand Total: 1247 creatures vanquished

Notes
Turn   | Place    | Note
-------+----------+-------------------------------------------
     0 | D:1      | Lanoc the Deep Elf Fire Elementalist began the quest for
                  | the Orb.
     0 | D:1      | Reached XP level 1. HP: 10/10 MP: 6/6
   510 | D:1      | Reached XP level 2. HP: 15/15 MP: 4/8
   915 | D:1      | Reached skill level 4 in Fire Magic
  1218 | D:1      | Found a faded altar of an unknown god.
  1241 | D:1      | Became a worshipper of Xom of Chaos
  1405 | D:1      | Reached XP level 3. HP: 19/19 MP: 5/9
  1639 | D:2      | Noticed Sigmund
  1957 | D:2      | XOM: silly message
  2226 | D:2      | XOM: god gift: robe {god gift}
  2724 | D:2      | XOM: scenery: summon butterflies
  2728 | D:2      | XOM: polymorph butterfly -> killer bee
  3043 | D:3      | Reached XP level 4. HP: 24/24 MP: 7/10
  3051 | D:3      | XOM: divination: detect creatures
  3182 | D:3      | Learned a level 4 spell: Sticky Flame
  3266 | D:3      | XOM: noise
  3273 | D:3      | XOM: summons 4 friendly demons
  3280 | D:3      | Reached skill level 5 in Fire Magic
  3450 | D:3      | XOM: scenery: summon butterflies
  3743 | D:3      | XOM: god gift: broad axe {god gift}
  3842 | D:4      | XOM: god gift: staff of poison
  4016 | D:4      | Found an ornate altar of the Wu Jian Council.
  4167 | D:4      | Reached XP level 5. HP: 28/28 MP: 7/11
  4235 | D:4      | Reached skill level 6 in Fire Magic
  4509 | D:4      | Noticed a steam dragon
  4517 | D:4      | Reached XP level 6. HP: 29/32 MP: 8/12
  4527 | D:4      | Learned a level 5 spell: Fireball
  4543 | D:4      | XOM: 1-stop teleportation journey
  4682 | D:4      | XOM: 3-stop teleportation journey
  4770 | D:4      | Found a shadowy altar of Dithmenos.
  4856 | D:5      | Entered Level 5 of the Dungeon
  4856 | D:5      | Found a bloodstained altar of Trog.
  4863 | D:5      | Reached skill level 5 in Dodging
  4995 | D:5      | XOM: god gift: scroll labelled PUYQ LIMIWI {god gift}
  5060 | D:5      | Reached skill level 7 in Fire Magic
  5060 | D:5      | XOM: god gift: +0 lajatang of chaos
  5139 | D:5      | XOM: butterfly on damage
  5392 | D:5      | Reached XP level 7. HP: 36/36 MP: 8/13
  5666 | D:5      | Reached skill level 8 in Fire Magic
  6125 | D:5      | XOM: cleaving
  6129 | D:5      | XOM: summons friendly ufetubus
  6132 | D:5      | Reached skill level 9 in Fire Magic
  6132 | D:5      | Reached XP level 8. HP: 33/41 MP: 5/14
  6135 | D:5      | XOM: silly message
  6138 | D:5      | XOM: potion effect (haste)
  6270 | D:5      | XOM: 2-stop teleportation journey
  6532 | D:5      | XOM: draining
  6629 | D:6      | Noticed Duvessa
  6643 | D:6      | Noticed Dowan
  6647 | D:6      | XOM: confusion (+ monsters)
  6652 | D:6      | Gained mutation: Your mind is acute. (Int +2) [potion of
                  | mutation]
  6655 | D:6      | Killed Duvessa
  7091 | D:7      | XOM: butterfly on damage
  7233 | D:7      | Reached skill level 10 in Fire Magic
  7365 | D:7      | XOM: silly message
  7566 | D:7      | XOM: butterfly on damage
  7710 | D:6      | Noticed Edmund
  7725 | D:7      | Killed Edmund
  7843 | D:7      | XOM: silly message
  8024 | D:6      | Reached skill level 11 in Fire Magic
  8024 | D:6      | Reached XP level 9. HP: 36/45 MP: 1/15
  8162 | D:6      | Killed Dowan
  8395 | D:6      | Found a hazy altar of Hepliaklqana.
  8537 | D:6      | Noticed Menkaure
  8542 | D:6      | Killed Menkaure
  8623 | D:6      | Found a runed translucent door.
  8624 | D:6      | Noticed Crazy Yiuf
  8876 | D:6      | Identified a scroll of acquirement
  8877 | D:6      | Acquired the +2 buckler "Ithimpo" {Will+++}
  8906 | D:6      | XOM: 2-stop teleportation journey
  9397 | D:6      | Killed Crazy Yiuf
  9409 | D:6      | Identified the +5 mace of Urain {vorpal, Str+3}
  9504 | D:7      | XOM: silly message
  9516 | D:7      | Reached skill level 1 in Shields
  9571 | D:7      | XOM: divination: detect items
  9614 | D:7      | Found a burning altar of Makhleb.
  9622 | D:7      | Found a radiant altar of Vehumet.
  9786 | D:7      | Found a blossoming altar of Fedhas.
  9834 | D:7      | Found a staircase to the Ecumenical Temple.
  9915 | Temple   | Entered the Ecumenical Temple
  9919 | Temple   | XOM: scenery: create altars
 10149 | Temple   | Fell from the grace of Xom
 10149 | Temple   | Became a worshipper of Zin the Law-Giver
 10149 | Temple   | Reached * piety under Zin
 10185 | D:7      | Reached skill level 12 in Fire Magic
 10431 | D:7      | Found a stormy altar of Qazlal.
 10471 | D:7      | Found a basalt altar of Yredelemnul.
 10646 | D:8      | Found a white marble altar of Elyvilon.
 10875 | D:8      | XOM: god gift: +7 Spriggan's Knife {stab, EV+4 Stlth+}
 10876 | D:8      | Found the +7 Spriggan's Knife {stab, EV+4 Stlth+}
 10897 | D:8      | Reached ** piety under Zin
 10981 | D:8      | XOM: stat loss: -2 Int (24/26)
 11221 | D:8      | Found a sacrificial altar of Ru.
 11535 | D:9      | Noticed a two-headed ogre
 11584 | D:8      | Killed a two-headed ogre
 11585 | D:8      | Reached skill level 10 in Dodging
 11585 | D:8      | Reached XP level 10. HP: 18/50 MP: 3/16
 11866 | D:9      | Reached *** piety under Zin
 12098 | D:9      | Found a runed translucent gate.
 12098 | D:9      | Found a runed translucent gate.
 12098 | D:9      | Found a runed translucent gate.
 12104 | D:9      | Noticed Venturno's ghost (novice DECj)
 12174 | D:9      | Reached skill level 13 in Fire Magic
 12365 | D:9      | XOM: silly message
 12375 | D:9      | Reached **** piety under Zin
 12738 | D:9      | Slain by a troll

Illustrated notes

Levels and vault maps discovered:
D:1:      elethiomel_arrival_infinity_welcomes_careful_drivers, layout_basic,
          hellmonk_ecumenical_altar_zigzags, chequers_serial_rivers_small_b
D:2:      layout_basic, uniq_sigmund
D:3:      layout_basic
D:4:      layout_loops_ring, kennysheep_mini_moat, nicolae_wu_jian_wuxing_cycle,
          nicolae_dithmenos_shadow_blocks, minivault_26, minmay_misc_feat_alley,
          wad_floor_pattern_untrapped, roderic_batcave,
          hangedman_abyss_or_decor_stabs
D:5:      layout_loops_ring, amcnicky_altar_gilded, kennysheep_crisscross,
          hangedman_decor_clover_reticule
D:6:      layout_loops_cross, mainiacjoe_overflow_alcove_1, minivault_1,
          uniq_crazy_yiuf_cottage, uniq_menkaure, uniq_edmund, uniq_duvessa
D:7:      layout_gridville, grunt_temple_overflow_lords_of_destruction,
          old_standard_altar, mainiacjoe_overflow_swirl,
          minmay_temple_entry_mist
D:8:      layout_rooms, nicolae_ru_awakened_eye,
          mainiacjoe_overflow_tiny_flanked, kennysheep_generic_room_15
D:9:      layout_cross, ebering_ghost_rock_garden, kennysheep_kite_vault
Temple:   dpeg_chambers_temple

Skill      XL: |  1  2  3  4  5  6  7  8  9 10 |
---------------+-------------------------------+-----
Fire Magic     | 4 5 6 7 9 11 12 13 | 13.3
Dodging        | 3 4 5 6 8 10 | 10.5
Shields        | 2 3 |  3.7
Stealth        | |  2.4
Spellcasting   | |  3.0
Conjurations   | |  1.1

Action                   |  1- 3 |  4- 6 |  7- 9 | 10-12 || total
-------------------------+-------+-------+-------+-------++-------
Melee: Dagger            |     2 |    30 |       |       ||    32
       Lajatang          |       |       |    23 |       ||    23
       Staff             |       |       |     9 |     1 ||    10
       Mace              |       |       |     2 |       ||     2
       Knife             |       |       |       |     7 ||     7
 Cast: Foxfire           |   141 |   155 |   260 |    68 ||   624
       Sticky Flame      |       |       |    19 |     5 ||    24
       Fireball          |       |       |       |     1 ||     1
  Use: Scroll            |     3 |     2 |     7 |     2 ||    14
       Potion            |       |       |     4 |     2 ||     6
 Stab: Sleeping          |     1 |       |     2 |       ||     3
       Distracted        |       |       |     1 |       ||     1
Armor: Robe              |     2 |     4 |     5 |       ||    11
       Acid dragon scale |       |       |    18 |     8 ||    26
Dodge: Dodged            |    14 |    42 |    76 |    27 ||   159
Block: Buckler           |       |       |     7 |    16 ||    23

Table legend: (Time is in decaauts)
 A = Elapsed time spent in this place.
 B = Non-inter-level travel time spent in this place.
 C = Inter-level travel time spent in this place.
 D = Time resting spent in this place.
 E = Time spent auto-exploring this place.
 F = Levels seen in this place.
 G = Mean time per level.
                   A        B        C        D        E       F      G
               +--------+--------+--------+--------+--------+-----+--------+
         Total |  12734 |  12387 |    347 |    413 |  10428 |  10 | 1273.4 |
       Dungeon |  12486 |  12189 |    297 |    413 |  10235 |   9 | 1387.3 |
        Temple |    247 |    197 |     50 |      0 |    193 |   1 |  247.0 |
               +--------+--------+--------+--------+--------+-----+--------+

Top non-repeatable levels by time:
     D:7: 2012 daAuts
     D:5: 1939 daAuts
     D:1: 1670 daAuts
     D:6: 1568 daAuts
     D:2: 1227 daAuts
     D:8: 1188 daAuts
     D:4: 1016 daAuts
     D:3: 941 daAuts
     D:9: 921 daAuts
  Temple: 247 daAuts
